 Dungeon Crawl Stone Soup version 0.28-a0-1447-ga5a8893891 (webtiles) character file.

Game seed: 5592369532213105182

444 HallandMoats the Skirmisher (level 7, -12/61 HPs)
             Began as a Ghoul Fighter on Jan 12, 2022.
             Mangled by an ogre (17 damage)
             ... on level 5 of the Dungeon.
             The game lasted 00:04:22 (3225 turns).

HallandMoats the Skirmisher (Ghoul Fighter)         Turns: 3225, Time: 00:04:22

Health: -12/61     AC:  9    Str: 20    XL:     7   Next: 3%
Magic:  6/6        EV:  9    Int:  5    God:
Gold:   141        SH:  4    Dex:  8    Spells: 6/6 levels left

rFire   . . .      SeeInvis .   a - +1 flail (venom)
rCold   + . .      Faith    .   c - +0 buckler
rNeg    + + +      Spirit   .   d - +0 scale mail
rPois   ∞          Reflect  .   (no helmet)
rElec   .          Harm     .   g - +0 cloak
rCorr   .          Rampage  .   (no gloves)
Will    .....                   m - +0 pair of boots
Stlth   ..........              (no amulet)
HPRegen 0.00/turn               (no ring)
MPRegen 0.10/turn               (no ring)

@: inhibited regen
A: claws 1, cold resistance 1, negative energy resistance 3, inhibited
regeneration, torment resistance 2
a: no special abilities


You were on level 5 of the Dungeon.
You visited 1 branch of the dungeon, and saw 5 of its levels.

You collected 141 gold pieces.

Inventory:

Hand Weapons
 a - a +1 flail of venom (weapon)
 b - a +1 vampiric short sword
Armour
 c - a +0 buckler (worn)
 d - a +0 scale mail (worn)
 g - a +0 cloak (worn)
 m - a +0 pair of boots (worn)
Jewellery
 u - a ring of fire
Wands
 p - a wand of acid (8)
 t - a wand of flame (7)
Scrolls
 e - a scroll of silence {unknown}
 f - a scroll of magic mapping {unknown}
 h - a scroll of summoning {unknown}
 i - 5 scrolls of identify {unknown}
 j - 4 scrolls of amnesia {unknown}
 k - a scroll of acquirement {unknown}
 l - a scroll of blinking {unknown}
 n - 3 scrolls of teleportation {unknown}
 o - a scroll of immolation {unknown}
Potions
 q - a potion of degeneration {unknown}
 r - a potion of curing {unknown}
 s - a potion of experience {unknown}
 v - 3 potions of heal wounds {unknown}


   Skills:
 * Level 5.3 Fighting
 * Level 3.8 Maces & Flails
 + Level 3.5 Armour
 + Level 1.9 Dodging
 + Level 3.6 Shields


You had 6 spell levels left.
You didn't know any spells.
Your spell library contained the following spells:

 Spells                   Type           Power      Damage    Failure   Level
 Gell's Gravitas          Tloc           0%         N/A       99%         3
 Teleport Other           Tloc           0%         N/A       99%         3
 Animate Armour           Summ/Erth      0%         N/A       100%        4
 Dispersal                Tloc           0%         N/A       100%        6
 Iron Shot                Conj/Erth      0%         9d1       100%        6
 Blade Hands              Tmut           Unusable   N/A       N/A         5

Dungeon Overview and Level Annotations

Branches:
Dungeon (5/15)
 Temple: D:4-7

Altars:
Ashenzari
Dithmenos
Nemelex Xobeh
Xom

Annotations:
D:4 2 transporters, dolemite99's ghost, amateur HOMo


Innate Abilities, Weirdness & Mutations

You thrive by killing the living.
You are immune to poison.
You have sharp fingernails.
Your flesh is cold resistant. (rC+)
You are immune to negative energy. (rN+++)
You do not regenerate when monsters are visible.
You are immune to unholy pain and torment.


Message History

The water moccasin skeleton barely misses you.
The water moccasin skeleton bites you but does no damage.
A water moccasin skeleton is nearby!
You hit the water moccasin skeleton.
The water moccasin skeleton is almost destroyed.
The water moccasin skeleton barely misses you.
The water moccasin skeleton bites you but does no damage.
A water moccasin skeleton is nearby!
You sock the water moccasin skeleton!
You destroy the water moccasin skeleton!
You have reached level 7!
Found a war axe.
No target in view!
An ogre comes into view. It is wielding a +0 giant spiked club.
The ogre shouts!
Something shouts, "Remove thy stench, thou wasted hell-hated reprobate!"
An ogre is nearby!
You block the ogre's attack.
A shadow imp comes into view.
There are monsters nearby!
You barely miss the ogre.
The ogre hits you with a +0 giant spiked club!!
You hit the ogre.
The ogre is lightly wounded.
You block the ogre's attack.
You hit the ogre.
The ogre is poisoned.
The ogre is moderately wounded.
The ogre hits you with a +0 giant spiked club!!
* * * LOW HITPOINT WARNING * * *
You are too injured to fight recklessly!
The shadow imp laughs crazily.
The ogre looks more healthy.
The shadow imp hits you but does no damage.
You see here a +0 scimitar.
The ogre hits you with a +0 giant spiked club!
* * * LOW HITPOINT WARNING * * *
You barely miss the ogre.
The ogre is almost dead.
The ogre hits you with a +0 giant spiked club!
You die...

.........# ###..####.. ..
.........###....#
..##...............## ..
..#...#.....###....#
...###.........## #....##
.....).........# #.....##
...........#...# ##......##
....#..##..#..####.........
.....#..##..##.@#..........
...........#####O............#
......5..5.# ##5.....##....##
...##.####.# #......# #....##
# #.# ##......###......
#..###.## #........##......
#.....####...............#
....##..#..##...............#
.. #..###.................#


You could see an ogre and a shadow imp.

Vanquished Creatures
  An ogre (D:3)
  A scorpion (D:5)
  A water moccasin skeleton (D:5)
  A hound (D:4)
  An iguana (D:5)
  An orc wizard (D:3)
  3 adders
  4 gnolls (D:4)
  An adder skeleton (D:4)
  2 worms
  12 orcs
  6 ball pythons
  7 endoplasms
  3 giant cockroaches
  8 goblins
  4 hobgoblins
  6 jackals
  A quokka (D:1)
  4 bats
  5 frilled lizards
  8 kobolds
  5 rats
85 creatures vanquished.

Notes
Turn   | Place    | Note
-------+----------+-------------------------------------------
     0 | D:1      | HallandMoats the Ghoul Fighter began the quest for the Orb.
     0 | D:1      | Reached XP level 1. HP: 19/19 MP: 0/0
   167 | D:1      | Reached XP level 2. HP: 20/26 MP: 1/1
   913 | D:2      | Reached XP level 3. HP: 30/33 MP: 2/2
  1468 | D:2      | Found a shadowy altar of Dithmenos.
  1500 | D:2      | Reached skill level 4 in Fighting
  1560 | D:2      | Reached XP level 4. HP: 40/40 MP: 3/3
  1682 | D:3      | Noticed an ogre
  1717 | D:3      | Killed an ogre
  1718 | D:3      | Reached skill level 1 in Dodging
  1718 | D:3      | Reached XP level 5. HP: 35/47 MP: 4/4
  2003 | D:3      | Found a broken altar of Ashenzari.
  2441 | D:4      | Reached XP level 6. HP: 55/55 MP: 5/5
  2497 | D:4      | Found a sparkling altar of Nemelex Xobeh.
  2497 | D:4      | Found a shimmering altar of Xom.
  2909 | D:4      | Found a transporter.
  2910 | D:4      | Found a transporter.
  2911 | D:4      | Noticed dolemite99's ghost (amateur HOMo)
  2915 | D:4      | Identified the +4 great mace of Peacotta {holy, SInv}
  3009 | D:4      | Reached skill level 5 in Fighting
  3053 | D:5      | Entered Level 5 of the Dungeon
  3164 | D:5      | Reached XP level 7. HP: 61/61 MP: 6/6
  3225 | D:5      | Mangled by an ogre

Illustrated notes

Levels and vault maps discovered:
D:1:      minmay_arrival_cross, layout_basic
D:2:      cheibrodos_old_hovel, layout_loops_ring, basic_altar,
          serial_park_tiny_2, kennysheep_cross_bottleneck
D:3:      layout_rooms, mainiacjoe_overflow_24_doors
D:4:      layout_rooms, gammafunk_temple_overflow_wave, gammafunk_ghost_smash,
          grunt_ministairs_14
D:5:      layout_layer_cave, kennysheep_generic_room_16

Skill      XL: |  1  2  3  4  5  6 |
---------------+-------------------+-----
Maces & Flails | 2 3 |  3.8
Armour         | 3 |  3.5
Fighting       | 4 5 |  5.3
Shields        | 3 |  3.6
Dodging        | 1 |  1.9

Action                   |  1- 3 |  4- 6 |  7- 9 || total
-------------------------+-------+-------+-------++-------
Melee: Flail             |    94 |   111 |     4 ||   209
       Short sword       |       |    57 |       ||    57
       Dagger            |       |    10 |       ||    10
  Use: Potion            |       |     1 |       ||     1
Armor: Scale mail        |    42 |    91 |     1 ||   134
Dodge: Dodged            |    45 |    90 |       ||   135
Block: Buckler           |    17 |    31 |     2 ||    50

Table legend: (Time is in decaauts)
 A = Elapsed time spent in this place.
 B = Non-inter-level travel time spent in this place.
 C = Inter-level travel time spent in this place.
 D = Time resting spent in this place.
 E = Time spent auto-exploring this place.
 F = Levels seen in this place.
 G = Mean time per level.
                   A        B        C        D        E       F      G
               +--------+--------+--------+--------+--------+-----+--------+
         Total |   3294 |   3161 |    133 |      0 |   2431 |   5 |  658.8 |
       Dungeon |   3294 |   3161 |    133 |      0 |   2431 |   5 |  658.8 |
               +--------+--------+--------+--------+--------+-----+--------+

Top non-repeatable levels by time:
     D:1: 919 daAuts
     D:2: 797 daAuts
     D:3: 735 daAuts
     D:4: 664 daAuts
     D:5: 178 daAuts
